 Dungeon Crawl Stone Soup version 0.21-a0-264-g3e31e41 (webtiles) character file.

205 Leszczynek the Ruffian (level 5, -1/48 HPs)
             Began as a Troll Skald on Sept 8, 2017.
             Was an Initiate of Ashenzari.
             Killed by nerve-wracking pain
             ... invoked by an orc priest
              (3 damage)
             ... on level 3 of the Dungeon.
             The game lasted 00:02:56 (530 turns).

Leszczynek the Ruffian (Troll Skald)                 Turns: 530, Time: 00:02:57

Health: -1/48      AC:  5    Str: 19    XL:     5   Next: 52%
Magic:  5/5        EV: 10    Int:  9    God:    Ashenzari [......]
Gold:   69         SH:  0    Dex: 10    Spells: 3/6 levels left

rFire    + . .     SeeInvis .     - Unarmed
rCold    + . .     Gourm    +   (no shield)
rNeg     . . .     Faith    .   a - +0 robe
rPois    +         Spirit   .   (helmet restricted)
rElec    +         Reflect  .   (no cloak)
rCorr    +         Harm     .   (gloves unavailable)
MR       .....                  (boots unavailable)
Stlth    +.........             (no amulet)
HPRegen  0.56/turn              (no ring)
MPRegen  0.09/turn              (no ring)

@: resistant, hasted, very quick
A: unfitting armour, claws 3, fast metabolism 3, gourmand, regeneration 1,
shaggy fur 1, tough skin 2
a: Curse Item, Renounce Religion


You were on level 3 of the Dungeon.
You worshipped Ashenzari.
Ashenzari was noncommittal.
You were very full.

You visited 1 branch of the dungeon, and saw 3 of its levels.

You collected 69 gold pieces.

Inventory:

Armour
 a - a +0 robe (worn)
Scrolls
 f - a scroll of teleportation {unknown}
 h - a scroll of magic mapping {unknown}
Potions
 c - a potion of resistance
Books
 b - a book of Battle

   Spells                             Type                      Level
   a - Infusion                       Charms                       1
   b - Shroud of Golubria             Charms/Translocation         2
   c - Song of Slaying                Charms                       2
   d - Spectral Weapon                Hexes/Charms                 3
   e - Regeneration                   Charms/Necromancy            3
Comestibles
 d - 4 bread rations
 g - 11 chunks of flesh


   Skills:
 - Level 1.5 Fighting
 - Level 1.9 Dodging
 + Level 5.9 Unarmed Combat
 - Level 1.2 Spellcasting
 - Level 2.0 Charms


You had 3 spell levels left.
You knew the following spells:

 Your Spells              Type           Power        Failure   Level  Hunger
a - Infusion              Chrm           #...         16%         1    ##.....
b - Shroud of Golubria    Chrm/Tloc      #.........   36%         2    ###....


Dungeon Overview and Level Annotations

Branches:
Dungeon (3/15)

Altars:
Ashenzari
Uskayaw


Innate Abilities, Weirdness & Mutations

You are too large for most types of armour.
You have claws for hands.
Your metabolism is lightning-fast.
You like to eat raw meat.
Your natural rate of healing is unusually fast.
You are covered in fur. (AC +1)
You have very tough skin. (AC +2)


Message History

Unknown command.
It was a potion of haste.
You feel yourself speed up. The orc priest closely misses you.
The orc hits you with a quarterstaff.
* * * LOW HITPOINT WARNING * * *
The orc priest closely misses you.
Unknown command.
Unknown command.
Are you sure you want to abandon this character and quit the game? (Confirm with "yes".)
Okay, then.
You claw the orc priest!
The orc priest is almost dead.
The orc priest barely misses you. The orc hits you with a quarterstaff.
* * * LOW HITPOINT WARNING * * *
Unknown command.
Unknown command.
You scratch the orc priest.
You kill the orc priest!
The orc priest calls down the wrath of Beogh upon you.
Pain shoots through your body!
You die...

###..).....##...#........#
##..##...?....#†.......#
#...#..##.(<.#)#.#....#
##..(..###....%._.....#
#.###...#.....#.#..######
#####.####(.....#)...#......#
.....^o...#...#...##.######...#
.####.###.........##.# ...
................@).#.# .
#..o.o.........oo#####
#...#.#..##......#
#...._...#####...# #...#.#..#
#...# #........####....#
####.#......#>...#
...#....#.#....#
...####.#o....hh


You could see an orc priest and an orc.

Vanquished Creatures
  3 orc priests
  Natasha (thrice) (D:2)
  2 worms
  5 orcs (D:3)
  3 bats
  A giant cockroach (D:3)
  2 goblins
  4 hobgoblins
  3 jackals (D:2)
  A ball python (D:3)
  2 frilled lizards
  4 kobolds
  6 rats
39 creatures vanquished.

Notes
Turn   | Place    | Note
-------+----------+-------------------------------------------
     0 | D:1      | Leszczynek the Troll Skald began the quest for the Orb.
     0 | D:1      | Reached XP level 1. HP: 19/19 MP: 1/1
    66 | D:2      | Noticed Natasha
    68 | D:2      | Ouch! That really hurt!
    69 | D:2      | sure
    80 | D:1      | Reached XP level 2. HP: 7/27 MP: 2/2
    93 | D:1      | Learned a level 2 spell: Shroud of Golubria
   115 | D:1      | You fall through a shaft!
   142 | D:2      | Noticed a crimson imp
   146 | D:2      | HP: 2/27 [Natasha (5)]
   147 | D:2      | Killed Natasha
   147 | D:2      | Reached skill level 3 in Unarmed Combat
   147 | D:2      | Reached XP level 3. HP: 1/33 MP: 0/3
   201 | D:2      | Noticed Natasha
   217 | D:2      | Killed Natasha
   217 | D:2      | Reached skill level 4 in Unarmed Combat
   287 | D:2      | Reached XP level 4. HP: 18/41 MP: 4/4
   346 | D:2      | Noticed Natasha
   356 | D:2      | Killed Natasha
   356 | D:2      | Reached skill level 5 in Unarmed Combat
   360 | D:3      | Found a shattered altar of Ashenzari.
   372 | D:3      | Became a worshipper of Ashenzari the Shackled
   405 | D:3      | Found a hide-covered altar of Uskayaw.
   482 | D:2      | Reached XP level 5. HP: 43/48 MP: 5/5
   528 | D:3      | HP: 7/48 [orc/quarterstaff (4)]
   529 | D:3      | HP: 2/48 [orc/quarterstaff (5)]
   530 | D:3      | Killed from afar by an orc priest

Vault maps used:
D:1:      dpeg_arrival_pond, grunt_decor_one_mirror, minmay_misc_feat_tiny
D:2:      uniq_natasha, uniq_crazy_yiuf_cottage
D:3:      ashenzari_altar_1, lemuel_coloured_pillars_altar,
          lemuel_crystal_altar, uniq_robin

Skill      XL: |  1  2  3  4 |
---------------+-------------+-----
Unarmed Combat | 3 4 5 |  5.9
Fighting       | |  1.5
Dodging        | |  1.9
Spellcasting   | |  1.2
Charms         | |  2.0

Action                   |  1- 3 |  4- 6 || total
-------------------------+-------+-------++-------
Melee: Unarmed           |    51 |    62 ||   113
 Cast: Shroud of Golubri |     1 |     2 ||     3
  Use: Potion            |       |     2 ||     2
  Eat: Chunk             |     6 |     4 ||    10
Armor: Robe              |    20 |    26 ||    46
Dodge: Dodged            |    36 |    46 ||    82

Table legend:
 A = Spawn XP
 B = Non-spawn XP
 C = Spawn XP percentage of total XP
 D = Spawn monster count
 E = Non-spawn monster count
 F = Spawn count percentage of total count
 G = Total turns spent on level
                    A         B        C        D         E        F      G
               +---------+---------+-------+---------+---------+-------+---------
         Total |       0 |     293 |   0.0 |       0 |      39 |   0.0 |   530
               +---------+---------+-------+---------+---------+-------+---------
           D:1 |       0 |       7 |   0.0 |       0 |       5 |   0.0 |    58
           D:2 |       0 |     213 |   0.0 |       0 |      19 |   0.0 |   307
           D:3 |       0 |      73 |   0.0 |       0 |      15 |   0.0 |   165
               +---------+---------+-------+---------+---------+-------+---------
